 Dungeon Crawl Stone Soup version 0.28-a0-1159-g27aa881441 (webtiles) character file.

Game seed: 5948267438348757375

23648 patchburns1 the Thaumaturge (level 12, -5/88 HPs)
             Began as a Demonspawn Necromancer on Dec 14, 2021.
             Was an Elder of Vehumet.
             Slain by a boulder beetle (37 damage)
             ... on level 2 of the Lair of Beasts on Dec 15, 2021.
             The game lasted 02:19:20 (18290 turns).

patchburns1 the Thaumaturge (DsNe)                 Turns: 18290, Time: 02:19:20

Health: -5/88      AC:  7    Str:  9    XL:     12   Next: 73%
Magic:  21/24      EV: 16    Int: 22    God:    Vehumet [****..]
Gold:   651        SH:  0    Dex: 13    Spells: 1/28 levels left

rFire   + . .      SeeInvis .   a - +1 quarterstaff (freeze)
rCold   . . .      Faith    .   (shield currently unavailable)
rNeg    . . .      Spirit   .   T - +2 robe {Will+}
rPois   +          Reflect  .   K - +2 helmet
rElec   .          Harm     .   (no cloak)
rCorr   .          Rampage  .   (no gloves)
Will    +....                   (boots unavailable)
Stlth   ++........              B - amulet of regeneration
HPRegen 1.04/turn               A - ring of poison resistance
MPRegen 0.19/turn               t - ring of protection from fire

@: no status effects
A: hooves 3, repulsion field 1, ignite blood 2
a: Renounce Religion


You were on level 2 of the Lair of Beasts.
You worshipped Vehumet.
Vehumet was greatly pleased with you.
You visited 3 branches of the dungeon, and saw 16 of its levels.

You collected 651 gold pieces.

Inventory:

Hand Weapons
 a - a +1 quarterstaff of freezing (weapon)
 g - a +1 spear
 S - a +0 shortbow of flaming
Missiles
 d - 491 stones
 h - 173 arrows
 k - 56 bolts
 o - 2 atropa-tipped darts
 q - 4 curare-tipped darts
 z - 6 datura-tipped darts
 C - 37 sling bullets
 O - 37 poisoned darts
Armour
 l - a +2 pair of boots
 K - a +2 helmet (worn)
 L - a +0 tower shield
 T - a +2 robe of willpower (worn)
Magical Staves
 n - a staff of death
Jewellery
 j - a ring of ice
 t - a ring of protection from fire (right hand)
 A - a ring of poison resistance (left hand)
 B - an amulet of regeneration (around neck)
Wands
 e - a wand of polymorph (9)
 r - a wand of digging (10)
 J - a wand of paralysis (4)
 R - a wand of acid (6)
 W - a wand of iceblast (7)
 X - a wand of flame (10)
Scrolls
 b - 6 scrolls of teleportation
 c - a scroll of fear {unknown}
 p - a scroll of amnesia
 x - 2 scrolls of magic mapping
 D - a scroll of blinking {unknown}
Potions
 f - a potion of ambrosia
 i - 3 potions of curing
 m - 2 potions of haste
 u - a potion of might
 v - 2 potions of invisibility
 E - a potion of cancellation
 F - 2 potions of resistance
 G - 3 potions of heal wounds
 H - 2 potions of lignification
 I - 2 potions of flight
 N - a potion of brilliance {unknown}
 Y - 2 potions of berserk rage
 Z - 2 potions of attraction
Miscellaneous
 Q - a piece from Xom's chessboard (15/15)


   Skills:
 + Level 6.3 Fighting
 - Level 2.2(4.0) Polearms
 + Level 5.2(5.5) Staves
 + Level 5.7 Armour
 + Level 6.1 Dodging
 - Level 3.0 Stealth
 * Level 6.4 Shields
 * Level 8.6 Spellcasting
 * Level 5.6 Conjurations
 + Level 8.4 Necromancy
 + Level 2.3 Transmutations
 + Level 2.8 Ice Magic
 + Level 3.3 Air Magic
 * Level 3.4 Earth Magic
 + Level 6.3 Evocations


You had one spell level left.
You knew the following spells:

 Your Spells              Type           Power      Damage    Failure   Level
a - Pain                  Necr           100%       1d9       1%          1
b - Lightning Bolt        Conj/Air       14%        1d28      9%          5
c - Vampiric Draining     Necr           46%        2d9       1%          3
e - Dispel Undead         Necr           46%        3d18      2%          4
f - Stone Arrow           Conj/Erth      58%        3d10      1%          3
g - Animate Dead          Necr           23%        N/A       2%          4
h - Passwall              Tmut/Erth      18%        N/A       3%          2
i - Freezing Cloud        Conj/Ice/Air   13%        6-21      11%         5

Your spell library contained the following spells:

 Spells                   Type           Power      Damage    Failure   Level
 Animate Skeleton         Necr           92%        N/A       1%          1
 Sandblast                Erth           48%        2d12      1%          1
 Shock                    Conj/Air       100%       1d9       1%          1
 Summon Small Mammal      Summ           36%        N/A       7%          1
 Corpse Rot               Necr/Air       70%        N/A       1%          2
 Frozen Ramparts          Ice            44%        1d6       1%          3
 Mephitic Cloud           Conj/Pois/Air  22%        N/A       1%          3
 Ignite Poison            Fire/Tmut/Pois 12%        N/A       4%          3
 Airstrike                Air            12%        N/A       4%          4
 Swiftness                Air            24%        N/A       5%          3
 Ensorcelled Hibernation  Hex/Ice        30%        N/A       6%          2
 Ozocubu's Armour         Ice            22%        N/A       6%          3
 Agony                    Necr           46%        N/A       6%          5
 Spider Form              Tmut/Pois      14%        N/A       13%         3
 Call Canine Familiar     Summ           9%         N/A       22%         3
 Summon Guardian Golem    Hex/Summ       9%         N/A       22%         3
 Ice Form                 Ice/Tmut       20%        N/A       24%         4
 Death Channel            Necr           23%        N/A       32%         6
 Summon Ice Beast         Ice/Summ       15%        N/A       36%         4
 Ozocubu's Refrigeration  Ice            11%        4d7       98%         7


Dungeon Overview and Level Annotations

Branches:
Dungeon (12/15)            Temple (1/1) D:5            Lair (3/6) D:8
 Spider (0/4) Lair:2          Orc (0/2) D:11
  Swamp: Lair:2-4    Shoals: Lair:2-4

Altars:
Ashenzari
Cheibriados
Dithmenos
Elyvilon
Fedhas
Gozag
Hepliaklqana
Kikubaaqudgha
Makhleb
Nemelex Xobeh
Okawaru
Qazlal
Ru
Sif Muna
Trog
Uskayaw
Vehumet
Wu Jian
Xom
Yredelemnul
Zin
The Shining One


Innate Abilities, Weirdness & Mutations

You have hooves in place of feet.
You are surrounded by a mild repulsion field. (EV +2)
Your demonic aura often causes spilled blood to erupt in flames.


Message History

The water moccasin misses you.
You climb upwards.
There is a stone staircase leading down here.
The water moccasin closely misses you.
The water moccasin bites you but does no damage.
The boulder beetle bites you but does no damage.
The boulder beetle curls into a ball and begins rolling!
The water moccasin bites you but does no damage.
You sock the water moccasin! You freeze the water moccasin.
Your kick misses the water moccasin.
The water moccasin is severely wounded.
The water moccasin is engulfed in blazing flames.
The water moccasin misses you.
The boulder beetle stops rolling and uncurls.
You hit the water moccasin but do no damage.
The water moccasin is almost dead.
The water moccasin is engulfed in blazing flames.
You kill the water moccasin!
Vehumet accepts your kill.
The boulder beetle curls into a ball and begins rolling!
Aiming: Stone Arrow (safe; 1% risk of failure)
Press: ? - help, Q - select action, (/) - cycle Shift-Dir - straight line, f - boulder beetle
Aim: a boulder beetle (lightly wounded, rolling, 100% to hit)
The stone arrow hits the boulder beetle!
The boulder beetle is moderately wounded.
The boulder beetle is engulfed in blazing flames.
The boulder beetle hits you!
The boulder beetle stops rolling and uncurls.
You hit the boulder beetle but do no damage.
You kick the boulder beetle, but do no damage.
The boulder beetle is heavily wounded.
The boulder beetle is engulfed in blazing flames.
The boulder beetle bites you but does no damage.
You hit the boulder beetle but do no damage.
The boulder beetle is heavily wounded.
The boulder beetle bites you!
The boulder beetle is engulfed in blazing flames.
The boulder beetle curls into a ball and begins rolling!
The boulder beetle hits you!!!
You die...

..###..###....#.......#....#.....
..............#.......#....##....
.##....##.....#............##....
.####'####.................##....
.## #.# #...................####.
)P###.####....#.......P....####P.
<.......#.#^^..##....#...........
............###..................
......^..##...#.@................
......^#..#.#.##B......[.........
......#^..#.##^..○..........#.##.
..###^^#^^>.##.^..○........#.####
..####.....#...^...°........###.#
...#...^..#^#^#.##.#.###...##....
......^..####..#####.###...##....
...#.....#.^#^#####.........##...
.........#.....##..........###...


You could see a boulder beetle (rolling).

Vanquished Creatures
  Fannar (Lair:2)
  5 hydras
  A boulder beetle (D:11)
  2 two-headed ogres
  A cyclops (D:11)
  A wolf spider (Lair:2)
  An ugly thing (D:11)
  A black mamba (Lair:1)
  3 cane toads
  7 komodo dragons
  2 rime drakes (Lair:2)
  A troll (D:11)
  A hornet (D:9)
  A meliai zombie (D:10)
  Prince Ribbit (D:5)
  A shadow (D:9)
  2 wraiths
  30 yaks
  A wyvern (Lair:2)
  Grum (D:8)
  A steam dragon (D:9)
  2 vampire mosquitoes (D:12)
  Edmund (D:3)
  2 acid dragons
  9 water moccasins
  A hornet zombie (D:8)
  4 ice beasts
  4 orc warriors
  3 black bears
  2 ogres
  A necrophage (D:8)
  10 wolves
  3 centaurs
  A phantom (D:5)
  2 kobold brigands
  11 bullfrogs
  A gnoll sergeant (D:8)
  2 scorpions (D:5)
  2 water moccasin skeletons (D:5)
  5 wights (D:9)
  3 howler monkeys
  An electric eel (Lair:3)
  A bullfrog zombie (D:7)
  7 centaur zombies
  3 jellies
  5 hounds
  8 orc priests
  A bullfrog skeleton (D:6)
  2 centaur skeletons
  2 iguanas (D:6)
  Natasha (twice) (D:4)
  7 orc wizards
  A hound skeleton (D:8)
  5 gnolls
  9 adders
  An ufetubus (D:6)
  A worm (D:2)
  3 dart slugs
  30 orcs
  7 ball pythons
  5 endoplasms
  A giant cockroach (D:1)
  7 goblins
  11 hobgoblins
  11 kobolds
  7 quokkas
  8 bats
  2 frilled lizards
  3 rats
285 creatures vanquished.

Vanquished Creatures (others)
  A yak (Lair:2)
  27 fungi
  18 plants
46 creatures vanquished.

Grand Total: 331 creatures vanquished

Notes
Turn   | Place    | Note
-------+----------+-------------------------------------------
     0 | D:1      | patchburns1 the Demonspawn Necromancer began the quest for
                  | the Orb.
     0 | D:1      | Reached XP level 1. HP: 13/13 MP: 3/3
   176 | D:1      | Learned a level 1 spell: Animate Skeleton
   287 | D:1      | Gained mutation: Your demonic aura sometimes causes spilled
                  | blood to erupt in flames. [demonic ancestry]
   287 | D:1      | Reached XP level 2. HP: 16/19 MP: 1/5
  1146 | D:1      | Found a faded altar of an unknown god.
  1495 | D:2      | Reached XP level 3. HP: 19/25 MP: 2/6
  2257 | D:2      | Gained mutation: Your demonic aura often causes spilled
                  | blood to erupt in flames. [demonic ancestry]
  2257 | D:2      | Reached XP level 4. HP: 28/31 MP: 7/7
  2440 | D:2      | Reached skill level 1 in Fighting
  2739 | D:2      | Reached skill level 5 in Necromancy
  3298 | D:3      | Reached skill level 1 in Armour
  3691 | D:4      | Learned a level 3 spell: Vampiric Draining
  3735 | D:4      | Gained mutation: You have large cloven feet. [demonic
                  | ancestry]
  3735 | D:4      | Reached XP level 5. HP: 35/37 MP: 6/9
  3809 | D:4      | Reached skill level 1 in Polearms
  4496 | D:3      | Reached skill level 1 in Evocations
  4769 | D:4      | Noticed Natasha
  4783 | D:4      | Killed Natasha
  4784 | D:4      | Reached XP level 6. HP: 17/44 MP: 5/10
  5407 | D:4      | Noticed Natasha
  5412 | D:4      | Killed Natasha
  5824 | D:5      | Entered Level 5 of the Dungeon
  5836 | D:5      | Noticed Prince Ribbit
  5852 | D:5      | Killed Prince Ribbit
  5853 | D:5      | Reached XP level 7. HP: 41/50 MP: 7/12
  5865 | D:5      | Noticed Edmund
  6047 | D:3      | Killed Edmund
  6524 | D:5      | Found a staircase to the Ecumenical Temple.
  6603 | Temple   | Entered the Ecumenical Temple
  6830 | Temple   | Became a worshipper of Vehumet
  6996 | D:5      | Reached XP level 8. HP: 23/57 MP: 14/14
  7209 | D:5      | Reached skill level 1 in Staves
  7402 | D:4      | Learned a level 1 spell: Shock
  7407 | D:4      | Learned a level 4 spell: Dispel Undead
  7559 | D:6      | Reached skill level 5 in Spellcasting
  8476 | D:7      | Gained mutation: You have hoof-like feet. [demonic
                  | ancestry]
  8476 | D:7      | Reached XP level 9. HP: 65/65 MP: 13/17
  8601 | D:7      | Reached skill level 1 in Shields
  8766 | D:7      | Reached * piety under Vehumet
  8766 | D:7      | Offered knowledge of Sandblast by Vehumet.
  9029 | D:7      | Found a basalt altar of Yredelemnul.
  9491 | D:8      | Found a burning altar of Makhleb.
  9983 | D:8      | Noticed Grum
  9987 | D:8      | Found a staircase to the Lair.
  9991 | Lair:1   | Entered Level 1 of the Lair of Beasts
 10146 | D:8      | Offered knowledge of Static Discharge by Vehumet.
 10239 | D:8      | Killed Grum
 10328 | D:8      | Reached ** piety under Vehumet
 10469 | D:8      | Reached XP level 10. HP: 73/73 MP: 15/19
 11380 | D:9      | Reached skill level 1 in Conjurations
 11391 | D:9      | Reached skill level 5 in Dodging
 11492 | D:9      | Offered knowledge of Stone Arrow by Vehumet.
 11761 | D:9      | Reached skill level 5 in Fighting
 11820 | D:9      | Noticed a two-headed ogre
 11894 | D:9      | Reached skill level 1 in Air Magic
 11936 | D:9      | Killed a two-headed ogre
 11937 | D:9      | Reached skill level 5 in Evocations
 12149 | D:10     | Entered Level 10 of the Dungeon
 12429 | D:10     | Reached *** piety under Vehumet
 12647 | D:10     | Found a shimmering altar of Xom.
 12660 | D:10     | Noticed a two-headed ogre
 12707 | D:10     | Killed a two-headed ogre
 12708 | D:10     | Gained mutation: You are surrounded by a mild repulsion
                  | field. (EV +2) [demonic ancestry]
 12708 | D:10     | Reached XP level 11. HP: 80/80 MP: 20/22
 13133 | D:11     | Learned a level 3 spell: Stone Arrow
 13195 | D:11     | Noticed a white ugly thing
 13248 | D:11     | HP: 2/80 [white ugly thing (23)]
 13251 | D:11     | Killed a white ugly thing
 13401 | D:11     | Reached skill level 5 in Shields
 13438 | D:11     | Reached skill level 5 in Armour
 13485 | D:11     | Identified the +5 scale mail "Icoalolo" {rPois Will+
                  | Regen+}
 13522 | D:11     | Noticed an eight-headed hydra
 13538 | D:11     | Killed an eight-headed hydra
 13653 | D:11     | Learned a level 4 spell: Animate Dead
 13656 | D:11     | Learned a level 2 spell: Passwall
 13662 | D:11     | Learned a level 5 spell: Freezing Cloud
 13680 | D:11     | Reached skill level 1 in Earth Magic
 13729 | D:11     | Offered knowledge of Iskenderun's Mystic Blast by Vehumet.
 13896 | D:11     | Found a staircase to the Orcish Mines.
 13978 | D:11     | Noticed a boulder beetle
 14028 | D:11     | Killed a boulder beetle
 14029 | D:11     | Reached skill level 1 in Ice Magic
 14611 | D:12     | Noticed a five-headed hydra
 14644 | D:11     | Upgraded the game from 0.28-a0-1152-g9c71ebef14 to
                  | 0.28-a0-1159-g27aa881441
 14990 | Lair:1   | Reached skill level 1 in Transmutations
 15454 | Lair:1   | Reached **** piety under Vehumet
 15455 | Lair:1   | Gained mutation: You have hooves in place of feet. [demonic
                  | ancestry]
 15455 | Lair:1   | Reached XP level 12. HP: 87/87 MP: 20/24
 15773 | Lair:1   | Noticed a five-headed hydra
 15788 | Lair:1   | Killed a five-headed hydra
 16152 | Lair:2   | Found a hole to the Spider Nest.
 16264 | Lair:2   | Offered knowledge of Lightning Bolt by Vehumet.
 16339 | Lair:2   | Reached skill level 5 in Conjurations
 16453 | Lair:2   | Noticed Fannar
 16818 | Lair:2   | Killed Fannar
 16903 | Lair:2   | Learned a level 5 spell: Lightning Bolt
 17065 | Lair:2   | Noticed a seven-headed hydra
 17084 | Lair:2   | Killed a seven-headed hydra
 17085 | Lair:2   | Reached skill level 5 in Staves
 17938 | Lair:3   | Found a snail-covered altar of Cheibriados.
 17947 | Lair:3   | Noticed a six-headed hydra
 17951 | Lair:3   | Noticed a four-headed hydra
 17964 | Lair:3   | Killed a six-headed hydra
 18158 | Lair:3   | Noticed a boulder beetle
 18207 | Lair:2   | Killed a four-headed hydra
 18290 | Lair:2   | Slain by a boulder beetle

Illustrated notes

Levels and vault maps discovered:
D:1:      scummos_arrival_checkerplants, layout_loops_ring,
          shapermc_ecumenical_altar_acropolis, roderic_cross_of_infinity
D:2:      layout_loops_ring, minmay_misc_feat_iff
D:3:      layout_rooms, corexii_shack, minmay_misc_feat_alley
D:4:      layout_loops_ring, uniq_natasha
D:5:      layout_rooms, minmay_temple_entry_proselytizer, uniq_prince_ribbit1,
          uniq_edmund
D:6:      layout_cave_pools
D:7:      layout_cave_pools, kennysheep_mini, st_stairs_14
D:8:      layout_basic, makhleb_blood_cavern_becter,
          grunt_lair_entry_orc_guard_hut, uniq_grum
D:9:      layout_loops_corners, roderic_serpentine_path, nicolae_wand_duel
D:10:     layout_grid_maze, mainiacjoe_overflow_24_doors, grunt_decor_fettered
D:11:     layout_basic, david_orc_2, serial_glass, glass_columns_a,
          glass_columns_b, glass_columns_c, glass_columns_c, glass_columns_b,
          minmay_strange_pillars, due_unseen_surprise, minmay_strange_pillars
D:12:     layout_loops_cross, enter_bailey_5, uniq_gastronok, uniq_josephine,
          uniq_maurice
Temple:   mainiacjoe_temple_bowtie_tessellation
Lair:1:   layout_layer_cave, lemuel_fruit_tree, grunt_megastairs_5,
          infiniplex_staircase_pool_2
Lair:2:   layout_regular_city, spider_nest_entry_rubble, uniq_fannar
Lair:3:   layout_gridlike, basic_altar, lemuel_fruit_fields

Skill      XL: |  1  2  3  4  5  6  7  8  9 10 11 12 |
---------------+-------------------------------------+-----
Stealth        | 2 3 |  3.0
Dodging        | 2 3 4 5 6 |  6.1
Fighting       | 1 2 3 4 5 6 |  6.3
Necromancy     | 5 6 7 8 |  8.4
Armour         | 1 2 3 4 5 |  5.7
Polearms       | 1 2 |  2.2
Spellcasting   | 3 4 5 6 7 8 |  8.6
Evocations     | 1 2 3 4 5 6 |  6.3
Staves         | 2 3 4 5 |  5.2
Shields        | 3 4 5 6 |  6.4
Conjurations   | 3 4 5 |  5.6
Air Magic      | 1 2 3 |  3.3
Earth Magic    | 1 3 |  3.4
Ice Magic      | 2 |  2.8
Transmutations | 1 2 |  2.3

Action                   |  1- 3 |  4- 6 |  7- 9 | 10-12 || total
-------------------------+-------+-------+-------+-------++-------
Melee: Spear             |    65 |    42 |    38 |       ||   145
       Dagger            |    23 |       |       |       ||    23
       Kick              |       |     2 |       |    28 ||    30
       Staff             |       |       |   236 |   419 ||   655
       Quarterstaff      |       |       |       |    77 ||    77
Throw: Dart              |       |     1 |       |       ||     1
 Cast: Pain              |    35 |   105 |   192 |   135 ||   467
       Shock             |       |       |     6 |    13 ||    19
       Dispel Undead     |       |       |     9 |    16 ||    25
       Vampiric Draining |       |       |     8 |    12 ||    20
       Stone Arrow       |       |       |       |    95 ||    95
       Lightning Bolt    |       |       |       |     6 ||     6
Evoke: Wand              |       |       |       |     1 ||     1
  Use: Scroll            |       |     2 |     9 |    14 ||    25
       Potion            |       |       |       |     3 ||     3
 Stab: Sleeping          |     5 |       |       |     2 ||     7
Armor: Robe              |    15 |    13 |   114 |    65 ||   207
       Steam dragon scal |       |       |       |   101 ||   101
       Troll leather arm |       |       |       |    41 ||    41
Dodge: Dodged            |    58 |    28 |   296 |   445 ||   827

Table legend: (Time is in decaauts)
 A = Elapsed time spent in this place.
 B = Non-inter-level travel time spent in this place.
 C = Inter-level travel time spent in this place.
 D = Time resting spent in this place.
 E = Time spent auto-exploring this place.
 F = Levels seen in this place.
 G = Mean time per level.
                   A        B        C        D        E       F      G
               +--------+--------+--------+--------+--------+-----+--------+
         Total |  18380 |  18240 |    140 |   3974 |   7371 |  16 | 1148.8 |
       Dungeon |  14522 |  14384 |    138 |   3232 |   5760 |  12 | 1210.2 |
        Temple |    265 |    265 |      0 |      0 |    191 |   1 |  265.0 |
          Lair |   3592 |   3591 |      1 |    742 |   1420 |   3 | 1197.3 |
               +--------+--------+--------+--------+--------+-----+--------+

Top non-repeatable levels by time:
     D:4: 1704 daAuts
  Lair:2: 1672 daAuts
  Lair:1: 1671 daAuts
     D:2: 1613 daAuts
     D:1: 1487 daAuts
     D:9: 1464 daAuts
    D:11: 1428 daAuts
     D:3: 1420 daAuts
     D:5: 1153 daAuts
     D:8: 1117 daAuts
     D:6: 1046 daAuts
    D:10: 1011 daAuts
     D:7: 938 daAuts
  Temple: 265 daAuts
  Lair:3: 248 daAuts
